 Dungeon Crawl Stone Soup version 0.25-a0-310-g60f0ac2d9a (webtiles) character file.

Game seed: 11311590237052596798, levelgen mode: classic

43 Borgoz the Cutter (level 3, -2/24 HPs)
             Began as a Kobold Monk on Dec 23, 2019.
             Slain by a goblin
             ... wielding a +0 dagger
              (4 damage)
             ... on level 1 of the Dungeon.
             The game lasted 00:01:25 (1309 turns).

Borgoz the Cutter (Kobold Monk)                     Turns: 1309, Time: 00:01:26

Health: -2/24      AC:  2    Str:  8    XL:     3   Next: 82%
Magic:  3/3        EV: 17    Int: 11    God:
Gold:   52         SH:  0    Dex: 18    Spells: 2/2 levels left

rFire    . . .     SeeInvis .   a - +0 short sword
rCold    . . .     Gourm    .   (shield restricted)
rNeg     . . .     Faith    .   b - +0 robe
rPois    .         Spirit   .   (no helmet)
rElec    .         Reflect  .   (no cloak)
rCorr    .         Harm     .   (no gloves)
MR       .....                  (no boots)
Stlth    ++........             (no amulet)
HPRegen  0.08/turn              (no ring)
MPRegen  0.08/turn              (no ring)

@: no status effects
A: small, carnivore
a: no special abilities


You were on level 1 of the Dungeon.
You were very full.

You visited 1 branch of the dungeon, and saw 2 of its levels.

You collected 52 gold pieces.

Inventory:

Hand Weapons
 a - a +0 short sword (weapon)
Armour
 b - a +0 robe (worn)
Jewellery
 m - a +3 ring of strength {unknown}
Scrolls
 d - a scroll of identify {unknown}
 e - a scroll of blinking {unknown}
 f - a scroll of enchant weapon {unknown}
 k - a scroll of remove curse {unknown}
 l - a scroll of enchant armour {unknown}
Potions
 g - a potion of mutation {unknown}
 h - a potion of flight {unknown}
 i - 4 potions of curing {unknown}
 j - a potion of brilliance {unknown}
Comestibles
 c - 3 rations


   Skills:
 + Level 3.7 Fighting
 + Level 4.5 Short Blades
 + Level 1.0 Armour
 + Level 4.1 Dodging
 - Level 2.6 Stealth


You had 2 spell levels left.
You didn't know any spells.
Your spell library was empty.

Dungeon Overview and Level Annotations

Branches:
Dungeon (2/15)

Altars:

Annotations:
D:1 Terence


Innate Abilities, Weirdness & Mutations

You are small and have problems with some larger weapons.
You are carnivorous and can eat meat at any time.


Message History

You start resting.
Eating a chunk of flesh.
You eat the chunk of flesh.
This raw flesh tastes great.
HP restored.
You climb downwards.
Level annotation: Terence Terence hits you with a +0 flail.
The hobgoblin hits you with a +0 club. The goblin closely misses you.
The goblin completely misses you. The hobgoblin barely misses you.
Terence misses you.
There is a stone staircase leading up here.
Unknown command.
The goblin hits you with a +0 dagger. The goblin hits you with a +0 club.
The hobgoblin barely misses you. Terence hits you with a +0 flail.
* * * LOW HITPOINT WARNING * * *
You climb upwards.
There is a stone staircase leading down here.
The goblin hits you with a +0 dagger.
* * * LOW HITPOINT WARNING * * *
The goblin completely misses you. The goblin hits you with a +0 dagger.
You die...

#...........#
######...........#
#................# ###
#..............#########..
#..##.#....#.......#......
#..............###.#.##...
##....####@g..))..........
#########gg##.###.#.##...
#.......@..#### #.#.##...
#....####..# #.#.##.##
#....# #..# #.#.##.##
#....####..# #........
#.......#..# #.#.#####
#....##.#..######.#.#....
####....##.#................
#.......##...#######...#....
#....#####.### #.#.....#†...


You could see Terence, a hobgoblin and 2 goblins.

Vanquished Creatures
  An ooze (D:1)
  5 dart slugs
  A giant cockroach (D:1)
  6 goblins (D:1)
  7 hobgoblins (D:1)
  2 bats (D:1)
  3 frilled lizards (D:1)
  3 rats (D:1)
28 creatures vanquished.

Notes
Turn   | Place    | Note
-------+----------+-------------------------------------------
     0 | D:1      | Borgoz the Kobold Monk began the quest for the Orb.
     0 | D:1      | Reached XP level 1. HP: 14/14 MP: 1/1
    94 | D:1      | Reached XP level 2. HP: 19/19 MP: 2/2
   293 | D:1      | Reached XP level 3. HP: 23/23 MP: 3/3
   876 | D:2      | Reached skill level 1 in Armour
  1110 | D:2      | Noticed Terence
  1309 | D:1      | Slain by a goblin

Levels and vault maps discovered:
D:1:      saegor_arrival_miasma, layout_basic, st_stairs_7, minmay_distorted
D:2:      layout_basic, nicolae_overflow_hidden_temple, uniq_terence,
          uniq_jessica

Skill      XL: |  1  2  3 |
---------------+----------+-----
Dodging        | 4 |  4.1
Armour         | 1 |  1.0
Fighting       | |  3.7
Short Blades   | |  4.5
Stealth        | |  2.6

Action                   || total
-------------------------++-------
Melee: Short sword       ||    82
 Stab: Sleeping          ||     7
  Eat: Chunk             ||     9
Armor: Robe              ||     7
Dodge: Dodged            ||    48

Table legend:
 A = Non-vault XP
 B = Vault XP
 C = Vault XP percentage of total XP
 D = Non-vault monster count
 E = Vault monster count
 F = Vault count percentage of total count
                 A         B        C        D         E       F
            +---------+---------+-------+---------+---------+-------
      Total |      55 |       7 |  11.3 |      25 |       3 |  10.7
            +---------+---------+-------+---------+---------+-------
        D:1 |      51 |       7 |  12.1 |      24 |       3 |  11.1
        D:2 |       4 |       0 |   0.0 |       1 |       0 |   0.0
            +---------+---------+-------+---------+---------+-------
